 Dungeon Crawl Stone Soup version 0.31-a0-237-g2d982f9f85 (webtiles) character file.

Game seed: 3356685555644874721

1297 qw the Skirmisher (level 8, -5/77 HPs)
             Began as a Minotaur Hexslinger on July 10, 2023.
             Slain by a yak (13 damage)
             ... on level 5 of the Dungeon.
             The game lasted 00:01:52 (4552 turns).

qw the Skirmisher (Minotaur Hexslinger)             Turns: 4552, Time: 00:01:53

Health: -5/77      AC:  4    Str: 13    XL:     8   Next: 31%
Magic:  8/8        EV: 12    Int: 10    God:
Gold:   166        SH:  0    Dex: 20    Spells: 8/9 levels left

rFire   . . .        Y - +3 sling
rCold   . . .        (no shield)
rNeg    . . .        f - +0 ring mail
rPois   .            (helmet restricted)
rElec   .            (no cloak)
rCorr   .            k - +0 pair of gloves
SInv    .            (no boots)
Will    +....        d - amulet of Zumablod {Acrobat Dex+5 Slay+3}
Stlth   +            b - ring of willpower
HPRegen 0.32/turn    (no ring)
MPRegen 0.11/turn

%: acrobat
@: no status effects
A: horns 2, retaliatory headbutt, deformed body, robust 1
a: no special abilities


You were on level 5 of the Dungeon.
You visited 1 branch of the dungeon, and saw 5 of its levels.
You also visited: Sewer.

You collected 289 gold pieces.
You spent 123 gold pieces at shops.


Innate Abilities, Weirdness & Mutations

You have a pair of horns on your head.
You reflexively headbutt those who attack you in melee.
Armour fits poorly on your strangely shaped body.
You are robust. (+10% HP)


   Skills:
 - Level 6.2 Fighting
 + Level 9.2 Ranged Weapons
 - Level 2.0 Armour
 - Level 3.1 Dodging
 - Level 1.0 Spellcasting
 - Level 2.0 Hexes


You had 8 spell levels left.
You knew the following spells:

 Your Spells              Type           Power      Damage    Failure   Level
a - Slow                  Hex            16%        N/A       32%         1

Your spell library contained the following spells:

 Spells                   Type           Power      Damage    Failure   Level
 Inner Flame              Hex/Fire       2%         N/A       82%         3
 Portal Projectile        Hex/Tloc       4%         N/A       82%         3
 Cause Fear               Hex            2%         N/A       97%         4

Inventory:

Hand Weapons
 Y - a +3 sling (weapon)
Armour
 f - a +0 ring mail (worn)
 k - a +0 pair of gloves (worn)
Jewellery
 b - a ring of willpower (left hand)
 d - the amulet of Zumablod (around neck) {Acrobat Dex+5 Slay+3}
   (You took it off a goblin on level 2 of the Dungeon)

   [amulet of the acrobat]

   It increases your evasion while moving and waiting.
   Dex:       It affects your dexterity (+5).
   Slay:      It affects your accuracy & damage with ranged weapons and melee
   (+3).
Scrolls
 g - 2 scrolls of identify
 h - a scroll of blinking {unknown}
Potions
 a - 2 potions of might
 c - 2 potions of mutation
 e - 5 potions of curing
 i - 2 potions of enlightenment
 j - 3 potions of haste
 m - a potion of resistance
 n - a potion of cancellation {unknown}
 o - 2 potions of heal wounds
 p - a potion of brilliance {unknown}

Dungeon Overview and Level Annotations

Branches:
Dungeon (5/15)              Sewer (visited)
 Temple: D:4-7

Altars:

Shops:
D:4 *

Annotations:
D:5 1 runed translucent door, qw's ghost, novice GrHs


Message History

You shoot a sling bullet. The yak bellows!
The sling bullet hits the yak!
The yak is severely wounded.
You shoot a sling bullet. The sling bullet hits the yak!
The yak is almost dead.
The yak gores you!
You shoot a sling bullet. The sling bullet hits the yak!
You kill the yak!
The yak gores you.
Your Fighting skill increases to level 6!
You shoot a sling bullet. The sling bullet hits the yak.
The yak is lightly wounded.
The yak misses you.
You shoot a sling bullet.
The sling bullet completely misses the yak.
The sling bullet hits the yak!
The yak is moderately wounded.
The yak closely misses you.
You shoot a sling bullet. The sling bullet hits the yak.
The yak is moderately wounded.
The yak gores you!
You shoot a sling bullet. The sling bullet hits the yak!
The yak is severely wounded.
The yak gores you!
You shoot a sling bullet. The sling bullet hits the yak.
The yak is almost dead.
The yak gores you but does no damage.
You shoot a sling bullet.
The sling bullet completely misses the yak.
The yak closely misses you. You furiously retaliate!
You headbutt the yak! The yak gores you.
You shoot a sling bullet. The sling bullet hits the yak.
The yak is heavily wounded.
The yak gores you. The yak misses you. The yak closely misses you.
You shoot a sling bullet. The sling bullet hits the yak.
The yak is severely wounded.
The yak gores you. The yak gores you! The yak closely misses you.
The yak gores you!
You die...

###..##..#.. .
###........# # #...
. #.........###
#.... .
###.##......##.....
. ###.............
. ##...##.#..... .
##.......# . .
###...Y##.... .
##.@Y......
##YY......
#Y....... .........
#........ .
#.......# #
...#.#... .
#.####... . .


You could see 5 yaks.

Vanquished Creatures
  A yak (D:5)
  An ogre (D:3)
  A black bear (D:5)
  3 kobold brigands (Sewer)
  A scorpion (D:4)
  2 hounds (D:5)
  A gnoll bouda (D:5)
  2 orc priests
  3 iguanas (D:5)
  4 orc wizards
  Natasha (twice) (D:2)
  13 gnolls
  9 adders
  4 worms
  5 dart slugs
  15 orcs
  11 bats
  3 endoplasms
  4 giant cockroaches
  13 goblins
  4 hobgoblins
  17 kobolds
  6 quokkas
  6 ball pythons
  7 frilled lizards
  5 rats
143 creatures vanquished.

Notes
Turn   | Place    | Note
-------+----------+-------------------------------------------
     0 | D:1      | qw the Minotaur Hexslinger began the quest for the Orb.
     0 | D:1      | Reached XP level 1. HP: 16/16 MP: 1/1
     0 | D:1      | 0 ||| qw: Version: 0.3-a-52-g30416fa
     0 | D:1      | 0 ||| qw: Game counter: 5055
     0 | D:1      | 0 ||| qw: Melee chars always use a shield: true
     0 | D:1      | 0 ||| qw: God list: Okawaru
     0 | D:1      | 0 ||| qw: Allow faded altars: false
     0 | D:1      | 0 ||| qw: Do Orc after clearing Dungeon:15 true
     0 | D:1      | 0 ||| qw: Do second Lair branch before Depths: true
     0 | D:1      | 0 ||| qw: Lair rune preference: random
     0 | D:1      | 0 ||| qw: Goals: Normal
     0 | D:1      | 0 ||| PLANNING D:1-11
   205 | D:1      | Reached skill level 3 in Ranged Weapons
   210 | D:1      | Reached XP level 2. HP: 23/23 MP: 2/2
   837 | D:1      | 837 ||| UPGRADING to +0 ring mail.
   847 | D:1      | 847 ||| DROPPING +0 robe.
   848 | D:1      | 848 ||| UPGRADING to +0 pair of gloves.
   853 | D:1      | 853 ||| READING scroll labelled WYURARAIPO.
   854 | D:1      | 854 ||| READING scroll labelled BOCHOEM CIUCLE.
   855 | D:1      | 855 ||| DRINKING 2 fizzy coppery potions.
   856 | D:1      | 856 ||| DRINKING 3 lumpy coppery potions.
   857 | D:1      | 857 ||| DROPPING scroll of poison.
   988 | D:2      | Reached XP level 3. HP: 29/29 MP: 3/3
  1048 | D:2      | Noticed Natasha
  1050 | D:2      | 1050 ||| FLEEEEING.
  1051 | D:2      | 1051 ||| FLEEEEING.
  1052 | D:2      | 1052 ||| FLEEEEING.
  1053 | D:2      | 1053 ||| FLEEEEING.
  1054 | D:2      | 1054 ||| FLEEEEING.
  1055 | D:2      | 1055 ||| FLEEEEING.
  1056 | D:2      | 1056 ||| FLEEEEING.
  1057 | D:2      | 1057 ||| FLEEEEING.
  1063 | D:2      | Killed Natasha
  1064 | D:2      | Reached skill level 4 in Ranged Weapons
  1201 | D:2      | Reached skill level 1 in Armour
  1201 | D:2      | Reached XP level 4. HP: 36/36 MP: 4/4
  1203 | D:2      | Identified the amulet of Zumablod {Acrobat Dex+5 Slay+3}
  1594 | D:2      | 1594 ||| UPGRADING to amulet of Zumablod {Acrobat Dex+5
                  | Slay+3}.
  1599 | D:2      | 1599 ||| UPGRADING to ring of willpower.
  1600 | D:2      | 1600 ||| READING scroll labelled EVOOPSI GEINN.
  1601 | D:2      | 1601 ||| DRINKING 2 white potions.
  1602 | D:2      | 1602 ||| DRINKING 4 potions of curing.
  1602 | D:2      | 1602 ||| (to cure confusion)
  1603 | D:2      | 1603 ||| DROPPING potion of ambrosia.
  1610 | D:2      | Noticed Natasha
  1618 | D:2      | Killed Natasha
  1619 | D:2      | Reached skill level 5 in Ranged Weapons
  1662 | D:3      | 1662 ||| PLANNING SEWER
  1807 | D:3      | Reached XP level 5. HP: 44/44 MP: 5/5
  1812 | D:3      | Reached skill level 3 in Fighting
  1875 | D:3      | Noticed an ogre
  1881 | D:3      | Killed an ogre
  1882 | D:3      | Reached skill level 6 in Ranged Weapons
  1884 | D:3      | Reached XP level 6. HP: 45/51 MP: 6/6
  1962 | D:3      | Found a faded altar of an unknown god.
  2054 | D:3      | 2054 ||| FLEEEEING.
  2055 | D:3      | 2055 ||| FLEEEEING.
  2056 | D:3      | 2056 ||| FLEEEEING.
  2057 | D:3      | 2057 ||| FLEEEEING.
  2147 | D:3      | Found a glowing drain.
  2148 | D:3      | 2148 ||| DRINKING 2 silvery potions.
  2163 | Sewer    | Entered a sewer
  2366 | Sewer    | 2366 ||| Stepping ~*~*~tactically~*~*~ (water).
  2381 | Sewer    | 2381 ||| Stepping ~*~*~tactically~*~*~ (water).
  2385 | Sewer    | Reached skill level 7 in Ranged Weapons
  2385 | Sewer    | Reached XP level 7. HP: 44/60 MP: 7/7
  2535 | Sewer    | 2535 ||| READING scroll labelled CODWIA NEEW.
  2536 | Sewer    | 2536 ||| DRINKING 2 fizzy pink potions.
  2537 | Sewer    | 2537 ||| DRINKING 2 sedimented white potions.
  2538 | Sewer    | 2538 ||| DRINKING 2 murky purple potions.
  2539 | Sewer    | 2539 ||| DROPPING potion of magic.
  2554 | D:3      | 2554 ||| PLANNING D:1-11
  2717 | D:4      | Found Laguamn's Assorted Antiques.
  2767 | D:4      | 2767 ||| READING scroll of enchant weapon.
  2767 | D:4      | 2767 ||| ENCHANTING +2 sling.
  3654 | D:4      | 3654 ||| BUYING glowing dark potion (18 gold).
  3654 | D:4      | Bought a glowing dark potion for 18 gold pieces
  3654 | D:4      | 3654 ||| BUYING potion of curing (63 gold).
  3654 | D:4      | Bought a potion of curing for 63 gold pieces
  3654 | D:4      | 3654 ||| SHOPLISTING potion of enlightenment (105 gold,
                  | have 86).
  3654 | D:4      | 3654 ||| BUYING scroll of identify (42 gold).
  3654 | D:4      | Bought a scroll of identify for 42 gold pieces
  3654 | D:4      | 3654 ||| SHOPLISTING small golden ring (105 gold, have 44).
  3654 | D:4      | 3654 ||| DRINKING 2 purple potions.
  3654 | D:4      | Gained mutation: Armour fits poorly on your strangely
                  | shaped body. [potion of mutation]
  3654 | D:4      | Gained mutation: You are robust. (+10% HP) [potion of
                  | mutation]
  3672 | D:4      | 3672 ||| DRINKING 2 yellow potions.
  3673 | D:4      | 3673 ||| DRINKING 3 glowing dark potions.
  3674 | D:4      | 3674 ||| READING 2 scrolls of identify.
  3674 | D:4      | 3674 ||| IDENTIFYING coppery potion
  3675 | D:4      | 3675 ||| DROPPING potion of degeneration.
  3676 | D:4      | 3676 ||| DROPPING potion of invisibility.
  3729 | D:5      | Entered Level 5 of the Dungeon
  3735 | D:5      | Reached skill level 8 in Ranged Weapons
  3740 | D:5      | 3740 ||| Stepping ~*~*~tactically~*~*~ (outnumbered).
  3741 | D:5      | 3741 ||| Stepping ~*~*~tactically~*~*~ (outnumbered).
  3743 | D:5      | 3743 ||| Stepping ~*~*~tactically~*~*~ (outnumbered).
  3752 | D:5      | 3752 ||| FLEEEEING.
  3753 | D:5      | 3753 ||| FLEEEEING.
  3754 | D:5      | 3754 ||| FLEEEEING.
  3755 | D:5      | 3755 ||| FLEEEEING.
  3756 | D:5      | 3756 ||| STAIRDANCE
  3809 | D:5      | Reached skill level 3 in Dodging
  3842 | D:5      | Found a runed translucent door.
  3844 | D:5      | Noticed qw's ghost (novice GrHs)
  3887 | D:5      | 3887 ||| Stepping ~*~*~tactically~*~*~ (outnumbered).
  3889 | D:5      | 3889 ||| Stepping ~*~*~tactically~*~*~ (outnumbered).
  4140 | D:5      | 4140 ||| Stepping ~*~*~tactically~*~*~ (outnumbered).
  4409 | D:5      | Reached XP level 8. HP: 68/74 MP: 8/8
  4503 | D:5      | Reached skill level 9 in Ranged Weapons
  4545 | D:5      | Reached skill level 6 in Fighting
  4552 | D:5      | HP: 8/77 [yak (13)]
  4552 | D:5      | Slain by a yak

Levels and vault maps discovered:
D:1:      ncdulo_wetmaze, layout_loops_ring, serial_aquarium,
          aquarium_bridge_square [aquarium_subvault_bridge,
          aquarium_subvault_bridge, aquarium_subvault_bridge,
          aquarium_subvault_bridge], aquarium_bridge_island_large
          [aquarium_subvault_large_open, aquarium_subvault_bridge,
          aquarium_subvault_wall, aquarium_subvault_wall,
          aquarium_subvault_bridge], aquarium_window_fake, aquarium_window_1,
          aquarium_window_2, aquarium_window_2, aquarium_view_2d,
          minmay_tromino_mix6
D:2:      minmay_evil_eye, layout_basic, uniq_natasha
D:3:      layout_basic, basic_ecumenical_altar, cheibrodos_sewer_entry_bend,
          minmay_ogre_servants
D:4:      layout_basic, serial_shops, nicolae_inconvenience_store
D:5:      layout_cave_pools, ebering_ghost_reflecting_pool, minmay_pentangle

Skill      XL: |  1  2  3  4  5  6  7  8 |
---------------+-------------------------+-----
Ranged Weapons | 3 4 5 6 7 8 9 |  9.2
Fighting       | 2 3 4 5 6 |  6.2
Armour         | 1 2 |  2.0
Dodging        | 3 |  3.1
Spellcasting   | |  1.0
Hexes          | |  2.0

Action                     |  1- 3 |  4- 6 |  7- 9 || total
---------------------------+-------+-------+-------++-------
   Fire: Sling             |    70 |   147 |   177 ||   394
    Use: Potion            |     2 |     3 |     6 ||    11
         Scroll            |     2 |     1 |     3 ||     6
 Armour: Robe              |     7 |       |       ||     7
         Ring mail         |     5 |    32 |    17 ||    54
  Dodge: Dodged            |    30 |    33 |    62 ||   125

Table legend:
 A = Non-vault XP
 B = Vault XP
 C = Vault XP percentage of total XP
 D = Non-vault monster count
 E = Vault monster count
 F = Vault count percentage of total count
                 A         B        C        D         E       F
            +---------+---------+-------+---------+---------+-------
      Total |    1225 |     628 |  33.9 |      88 |      55 |  38.5
            +---------+---------+-------+---------+---------+-------
        D:1 |      18 |       6 |  25.0 |      10 |       4 |  28.6
        D:2 |      90 |      54 |  37.5 |      18 |       4 |  18.2
        D:3 |     135 |     142 |  51.3 |      17 |      11 |  39.3
        D:4 |     174 |       0 |   0.0 |      17 |       0 |   0.0
        D:5 |     808 |      64 |   7.3 |      26 |       4 |  13.3
      Sewer |       0 |     362 | 100.0 |       0 |      32 | 100.0
            +---------+---------+-------+---------+---------+-------
